 Dungeon Crawl Stone Soup version 0.29-a0-472-ge5599a681e (webtiles) character file.

Game seed: 18263951509975804

2501 dabmancer the Thaumaturge (level 9, -18/39 HPs)
             Began as a Spriggan Hedge Wizard on May 23, 2022.
             Was a Priest of Nemelex Xobeh.
             Killed from afar by an acid dragon (32 damage)
             ... with a splash of acid
             ... on level 8 of the Dungeon.
             The game lasted 00:48:41 (12316 turns).

dabmancer the Thaumaturge (Spriggan Hedge Wizard)  Turns: 12316, Time: 00:48:41

Health: -18/39     AC:  0    Str:  6    XL:     9   Next: 28%
Magic:  21/34      EV: 19    Int: 20    God:    Nemelex Xobeh [***...]
Gold:   361        SH:  0    Dex: 20    Spells: 13/31 levels left

rFire   . . .      SeeInvis +   L - +5 scimitar
rCold   . . .      Faith    .   (no shield)
rNeg    + . .      Spirit   .   B - +1 robe {rN+}
rPois   .          Reflect  .   c - +0 hat
rElec   .          Harm     .   H - +0 cloak
rCorr   .          Rampage  .   (gloves unavailable)
Will    +....                   (boots unavailable)
Stlth   +++.......              (no amulet)
HPRegen 0.13/turn               i - ring of magical power
MPRegen 0.24/turn               C - +6 ring of dexterity

@: corroded, very quick
A: very small, no large weapons, unfitting armour, see invisible, speed 3
a: Renounce Religion, Draw Escape, Draw Destruction, Draw Summoning, Triple Draw


You were on level 8 of the Dungeon.
You worshipped Nemelex Xobeh.
Nemelex Xobeh was most pleased with you.
You visited 1 branch of the dungeon, and saw 8 of its levels.

You collected 361 gold pieces.

Inventory:

Hand Weapons
 a - a +0 dagger
 e - a +0 spear
 y - a +0 trident
 E - a +0 hunting sling
 K - a +4 spear
 L - a +5 scimitar (weapon)
Missiles
 h - 186 stones
 t - 7 boomerangs
 I - 14 poisoned darts
Armour
 b - a +0 robe
 c - a +0 hat (worn)
 B - a +1 robe of positive energy (worn)
 H - a +0 cloak (worn)
Jewellery
 i - a ring of magical power (left hand)
 C - a +6 ring of dexterity (right hand)
 F - a ring of resist corrosion
 M - the ring of Fyt Copno {rN+++ Will- rCorr}
   (You found it on level 7 of the Dungeon)

   [ring of resist corrosion]

   rN:        It renders you almost immune to negative energy.
   rCorr:     It protects you from acid and corrosion.
   Will:      It decreases your willpower.
Wands
 x - a wand of acid (1)
 G - a wand of mindburst (8)
 O - a wand of flame (38)
Scrolls
 g - a scroll of silence {unknown}
 j - a scroll of enchant weapon {unknown}
 n - 5 scrolls of teleportation
 o - 2 scrolls of enchant armour
 p - a scroll of poison {unknown}
 q - 3 scrolls of noise
 r - a scroll of vulnerability {unknown}
 s - 4 scrolls of magic mapping
 A - 2 scrolls of amnesia {unknown}
 D - 2 scrolls of blinking {unknown}
 J - a scroll of fog {unknown}
 P - a scroll of torment {unknown}
Potions
 d - 3 potions of magic
 f - 2 potions of curing
 k - a potion of heal wounds {unknown}
 l - a potion of haste
 m - 3 potions of might
 u - a potion of flight {unknown}
 v - 4 potions of mutation
 w - 3 potions of attraction
 z - a potion of cancellation {unknown}
 N - a potion of degeneration {unknown}
 Q - a potion of ambrosia {unknown}


   Skills:
 + Level 1.4 Throwing
 + Level 4.3 Dodging
 + Level 4.1 Stealth
 + Level 11.5 Spellcasting
 + Level 4.3 Conjurations
 + Level 0.2 Hexes
 + Level 4.3 Summonings
 + Level 1.6 Translocations
 + Level 0.7 Evocations


You had 13 spell levels left.
You knew the following spells:

 Your Spells              Type           Power      Damage    Failure   Level
a - Magic Dart            Conj           100%       1d8       1%          1
b - Blink                 Tloc           36%        N/A       4%          2
c - Call Imp              Summ           28%        N/A       1%          2
d - Summon Small Mammal   Summ           100%       N/A       1%          1
e - Conjure Flame         Conj/Fire      20%        6-21      8%          3
f - Searing Ray           Conj           56%        2d6       1%          2
g - Call Canine Familiar  Summ           28%        N/A       3%          3
h - Summon Guardian Gole  Hex/Summ       20%        N/A       7%          3
s - Slow                  Hex            48%        N/A       5%          1

Your spell library contained the following spells:

 Spells                   Type           Power      Damage    Failure   Level
 Mephitic Cloud           Conj/Pois/Air  17%        N/A       10%         3
 Confusing Touch          Hex            12%        N/A       16%         3
 Vampiric Draining        Necr           11%        2d6       19%         3
 Fulminant Prism          Conj/Hex       10%        3d9       22%         4


Dungeon Overview and Level Annotations

Branches:
Dungeon (8/15)             Temple (0/1) D:7
   Lair: D:8-11

Altars:
Hepliaklqana
Nemelex Xobeh
Vehumet
Zin
The Shining One

Shops:
D:5 :


Innate Abilities, Weirdness & Mutations

You are very small and have problems with some larger weapons.
You are too small for most types of armour.
You have supernaturally acute eyesight. (SInv)
You cover ground extremely quickly. (Speed+++)


Message History

The killer bee stings your quokka. Flame seeps out of your guardian golem.
Your quokka completely misses the killer bee.
The killer bee stings your quokka. Flame seeps out of your guardian golem.
Your quokka completely misses the killer bee.
Your guardian golem is engulfed in blazing flames.
Flame seeps out of your guardian golem.
The killer bee barely misses your quokka.
Your quokka completely misses the killer bee.
Your quokka closely misses the killer bee.
Your guardian golem is engulfed in blazing flames.
Your guardian golem disappears in a puff of smoke!
Your guardian golem explodes!
The fiery explosion engulfs your quokka!!
Your quokka dies!
Your quokka's corpse disappears in a puff of smoke!
The fiery explosion engulfs your quokka!!!
Your quokka dies!
Your quokka's corpse disappears in a puff of smoke!
The fiery explosion engulfs the killer bee!!
The killer bee dies!
Unknown command.
What are your orders? t - Shout!
Orders for allies: a - Attack new target. r - Retreat! s - Stop attacking. g - Guard the area. f - Follow me.
Anything else - Cancel.
Okay, then.
Your crimson imp barely misses the two-headed ogre.
Your crimson imp blinks!
The acid dragon roars!
The acid dragon spits acid at you. The splash of acid hits you!!
Ouch! That really hurt!
The acid corrodes you! The acid dragon spits acid at you.
The splash of acid hits you!!
Ouch! That really hurt!
You die...
Your body disappears without a glow.

....#....##.###.##### #........
....#....#..........# #........
....#....#..........# #........
....#....#..........+ #........
....#....#..........# #........
....#....'..........# #.......§
##..#....##.###'#########........
##..#.....#+##...................
...h#.....'..'..@...............†
....'.....#..#...................
##'##.....####................O..
.................########........
.................#... #........
.................'......#........
)................#......#....####
)..........D.....#......#....#
.................# .....#....#


You could see an acid dragon (catching breath).

Vanquished Creatures
  A steam dragon (D:8)
  2 black bears
  A sky beast (D:6)
  3 bullfrogs
  A necrophage (D:5)
  A scorpion (D:5)
  2 wights (D:6)
  2 killer bees
  A howler monkey (D:8)
  2 hounds
  4 quasits (D:5)
  5 jellies
  4 iguanas
  An orc wizard (D:5)
  Robin (D:3)
  6 adders
  A shadow imp (D:7)
  2 white imps
  5 worms
  2 dart slugs (D:2)
  7 orcs
  3 ball pythons
  14 endoplasms
  6 giant cockroaches
  12 goblins
  9 hobgoblins
  2 jackals (D:4)
  A quokka (D:1)
  6 bats
  A frilled lizard (D:2)
  7 kobolds
  5 rats
120 creatures vanquished.

Vanquished Creatures (collateral kills)
  The ghost of croobank the Covert, an amateur GnDe (D:5)
  A human (D:5)
  A sky beast (D:7)
  A centaur (D:7)
  A phantom (D:5)
  A bullfrog (D:7)
  A wight (D:6)
  A killer bee (D:8)
  A hound (D:6)
  2 orc wizards (D:8)
11 creatures vanquished.

Vanquished Creatures (others)
  A killer bee (D:8)
1 creature vanquished.

Grand Total: 132 creatures vanquished

Notes
Turn   | Place    | Note
-------+----------+-------------------------------------------
     0 | D:1      | dabmancer the Spriggan Hedge Wizard began the quest for the
                  | Orb.
     0 | D:1      | Reached XP level 1. HP: 9/9 MP: 6/6
   330 | D:1      | Reached XP level 2. HP: 7/13 MP: 0/8
   869 | D:1      | Reached skill level 5 in Spellcasting
  1164 | D:1      | Reached skill level 1 in Conjurations
  1164 | D:1      | Reached XP level 3. HP: 16/16 MP: 10/10
  2163 | D:2      | Found a faded altar of an unknown god.
  2251 | D:2      | Found a sparkling altar of Nemelex Xobeh.
  2317 | D:2      | Became a worshipper of Nemelex Xobeh the Trickster
  2367 | D:2      | Reached XP level 4. HP: 21/21 MP: 12/12
  2485 | D:3      | Identified the +1 leather armour of the Desolation of Salt
                  | {-Tele rElec Int+3 Dex+6}
  2673 | D:3      | Found a hazy altar of Hepliaklqana.
  2677 | D:3      | Found a glowing silver altar of Zin.
  2837 | D:3      | Reached skill level 6 in Spellcasting
  3276 | D:3      | Noticed Robin
  3313 | D:3      | Killed Robin
  3510 | D:3      | Reached * piety under Nemelex Xobeh
  3806 | D:4      | Reached XP level 5. HP: 22/24 MP: 14/14
  4725 | D:4      | Received a gift from Nemelex Xobeh
  4728 | D:4      | Noticed a black bear
  4784 | D:4      | Killed a black bear
  4785 | D:4      | Reached XP level 6. HP: 28/28 MP: 16/16
  5093 | D:5      | Entered Level 5 of the Dungeon
  5103 | D:5      | Reached skill level 7 in Spellcasting
  5125 | D:5      | Reached ** piety under Nemelex Xobeh
  5287 | D:5      | Found Osaaf's Book Shoppe.
  5426 | D:5      | Learned a level 2 spell: Blink
  5429 | D:5      | Learned a level 2 spell: Call Imp
  5431 | D:5      | Learned a level 1 spell: Summon Small Mammal
  5435 | D:5      | Learned a level 3 spell: Conjure Flame
  5499 | D:5      | Reached skill level 1 in Summonings
  5499 | D:5      | Reached XP level 7. HP: 32/32 MP: 14/19
  5695 | D:5      | Received a gift from Nemelex Xobeh
  5700 | D:5      | Noticed croobank's ghost (amateur GnDe)
  5710 | D:5      | Found a transporter.
  5767 | D:5      | Found a transporter.
  5829 | D:5      | Reached skill level 8 in Spellcasting
  6365 | D:6      | Noticed a hornet
  6422 | D:5      | Noticed a human
  6422 | D:5      | a hornet changed into a human
  6447 | D:5      | Killed a human
  6529 | D:5      | Reached skill level 1 in Throwing
  6600 | D:5      | Learned a level 2 spell: Searing Ray
  6602 | D:5      | Learned a level 1 spell: Slow
  7321 | D:5      | Killed croobank's ghost
  7322 | D:5      | Reached skill level 9 in Spellcasting
  7322 | D:5      | Reached XP level 8. HP: 35/36 MP: 22/22
  7985 | D:6      | Found a glowing golden altar of the Shining One.
  8505 | D:6      | Reached skill level 10 in Spellcasting
  9700 | D:7      | Found a staircase to the Ecumenical Temple.
 10514 | D:7      | Learned a level 3 spell: Call Canine Familiar
 10563 | D:7      | Identified the ring of Fyt Copno {rN+++ Will- rCorr}
 10813 | D:7      | Reached XP level 9. HP: 31/39 MP: 22/24
 10881 | D:7      | Reached *** piety under Nemelex Xobeh
 11209 | D:8      | Reached skill level 11 in Spellcasting
 11216 | D:8      | Noticed a two-headed ogre
 11470 | D:8      | Found a radiant altar of Vehumet.
 11660 | D:8      | Learned a level 3 spell: Summon Guardian Golem
 12265 | D:8      | Received a gift from Nemelex Xobeh
 12316 | D:8      | Killed from afar by an acid dragon

Illustrated notes

Levels and vault maps discovered:
D:1:      ebering_trefoil_3fold, layout_loops_ring
D:2:      layout_basic, hellmonk_ecumenical_altar_arch_garden, basic_altar,
          minmay_misc_feat_cross, minmay_misc_feat_doors
D:3:      layout_loops_ring, grunt_temple_overflow_open, uniq_robin
D:4:      layout_gridville
D:5:      layout_loops_ring, serial_shops, shop_statue,
          gammafunk_ghost_stat_death
D:6:      layout_loops_ring, tso_oasis_becter
D:7:      layout_cave_pools, minmay_temple_entry_statues_fountains
D:8:      layout_gridville, vehumet_altar_wand_db

Skill      XL: |  1  2  3  4  5  6  7  8  9 |
---------------+----------------------------+-----
Spellcasting   | 5 6 7 9 10 11 | 11.5
Conjurations   | 1 2 3 4 |  4.3
Summonings     | 1 2 3 4 |  4.3
Dodging        | 3 4 |  4.3
Throwing       | 1 |  1.4
Stealth        | 4 |  4.1
Hexes          | |  0.2
Translocations | |  1.6
Evocations     | |  0.7

Action                   |  1- 3 |  4- 6 |  7- 9 || total
-------------------------+-------+-------+-------++-------
Melee: Dagger            |     9 |       |       ||     9
       Spear             |       |     9 |       ||     9
       Trident           |       |     3 |     1 ||     4
       Scimitar          |       |       |     2 ||     2
Throw: Dart              |       |       |    14 ||    14
       Stone             |       |       |     1 ||     1
 Cast: Magic Dart        |   149 |   188 |    95 ||   432
       Summon Small Mamm |       |    13 |    47 ||    60
       Call Imp          |       |     3 |    27 ||    30
       Searing Ray       |       |       |    21 ||    21
       Call Canine Famil |       |       |    10 ||    10
       Conjure Flame     |       |       |     2 ||     2
       Blink             |       |       |     1 ||     1
       Summon Guardian G |       |       |     3 ||     3
Invok: Draw Destruction  |       |       |     4 ||     4
       Draw Summoning    |       |       |     1 ||     1
Evoke: Wand              |       |     1 |     3 ||     4
  Use: Scroll            |       |     6 |     3 ||     9
       Potion            |       |       |     4 ||     4
 Stab: Sleeping          |       |     1 |       ||     1
Armor: Robe              |     5 |     3 |    28 ||    36
Dodge: Dodged            |    19 |    22 |   164 ||   205

Table legend: (Time is in decaauts)
 A = Elapsed time spent in this place.
 B = Non-inter-level travel time spent in this place.
 C = Inter-level travel time spent in this place.
 D = Time resting spent in this place.
 E = Time spent auto-exploring this place.
 F = Levels seen in this place.
 G = Mean time per level.
                   A        B        C        D        E       F      G
               +--------+--------+--------+--------+--------+-----+--------+
         Total |  10352 |  10129 |    223 |   4171 |   4377 |   8 | 1294.0 |
       Dungeon |  10352 |  10129 |    223 |   4171 |   4377 |   8 | 1294.0 |
               +--------+--------+--------+--------+--------+-----+--------+

Top non-repeatable levels by time:
     D:6: 2675 daAuts
     D:5: 1878 daAuts
     D:1: 1323 daAuts
     D:7: 1046 daAuts
     D:3: 1033 daAuts
     D:4: 1007 daAuts
     D:2: 747 daAuts
     D:8: 639 daAuts
